 Dungeon Crawl Stone Soup version 0.27.1-1-g398f81649c (webtiles) character file.

Game seed: 2976767802075190140

203 acemry the Sneak (level 5, -4/33 HPs)
             Began as an Octopode Transmuter on Sept 9, 2021.
             Killed from afar by Ijyb (6 damage)
             ... with a bolt of acid
             ... on level 4 of the Dungeon.
             The game lasted 00:06:55 (3595 turns).

acemry the Sneak (Octopode Transmuter)              Turns: 3595, Time: 00:06:56

Health: -4/33      AC: -3    Str:  9    XL:     5   Next: 81%
Magic:  7/8        EV: 13    Int: 16    God:
Gold:   149        SH:  0    Dex: 13    Spells: 4/8 levels left

rFire    . . .     SeeInvis +   b - +5 quick blade of the Wizarding Rat {vorpal, rN+ SInv Stlth+}
rCold    . . .     Faith    .   (no shield)
rNeg     + . .     Spirit   .   (helmet currently unavailable)
rPois    .         Reflect  .   (no amulet)
rElec    .         Harm     .   (no ring)
rCorr    .         Rampage  .   (no ring)
Will     .....                  (no ring)
Stlth    +++++.....             (no ring)
HPRegen  0.11/turn              (no ring)
MPRegen  0.11/turn              (no ring)
                                (no ring)
                                (no ring)

@: appendages, corroded
A: tentacle spike 3, almost no armour, amphibious, 8 rings, camouflage 1,
gelatinous body 1, (nimble swimmer 1), tentacles
a: End Transformation


You were on level 4 of the Dungeon.
One of your tentacles had grown a beastly spike.
You visited 1 branch of the dungeon, and saw 4 of its levels.

You collected 159 gold pieces.
You spent 10 gold pieces at shops.

Inventory:

Hand Weapons
 b - the +5 quick blade of the Wizarding Rat (weapon) {vorpal, rN+ SInv Stlth+}
   (You acquired it on level 1 of the Dungeon)

   It inflicts extra damage upon your enemies.
   rN:        It protects you from negative energy.
   SInv:      It lets you see invisible.
   Stlth:     It makes you more stealthy.
 j - a +3 dagger of draining
Missiles
 n - 6 atropa-tipped darts
Magical Staves
 l - a staff of fire
Jewellery
 a - an amulet of magic regeneration
 g - an amulet of faith
 i - a ring of positive energy
Wands
 o - a wand of acid (10)
Scrolls
 c - a scroll of teleportation {unknown}
 e - 2 scrolls of enchant armour {unknown}
 k - 5 scrolls of identify
Potions
 d - 2 potions of mutation {unknown}
 f - a potion of magic
 h - a potion of brilliance {unknown}
 m - 2 potions of berserk rage {unknown}


   Skills:
 - Level 1.0 Fighting
 - Level 2.0 Dodging
 * Level 6.1 Stealth
 - Level 3.0 Unarmed Combat
 - Level 2.0 Spellcasting
 + Level 3.6 Transmutations
 * Level 0.7 Poison Magic


You had 4 spell levels left.
You knew the following spells:

 Your Spells              Type           Power      Damage    Failure   Level
a - Beastly Appendage     Tmut           26%        N/A       4%          1
b - Spider Form           Tmut/Pois      4%         N/A       26%         3

Your spell library contained the following spells:

 Spells                   Type           Power      Damage    Failure   Level
 Wereblood                Tmut           13%        N/A       7%          2
 Corona                   Hex            1%         N/A       21%         1
 Ensorcelled Hibernation  Hex/Ice        2%         N/A       30%         2
 Tukima's Dance           Hex            1%         N/A       52%         3
 Ice Form                 Ice/Tmut       7%         N/A       69%         4


Dungeon Overview and Level Annotations

Branches:
Dungeon (4/15)             Temple (0/1) D:4

Altars:
Ashenzari
Nemelex Xobeh

Shops:
D:3 !

Annotations:
D:4 Ijyb


Innate Abilities, Weirdness & Mutations

One of your tentacles has grown a beastly spike.
You cannot wear most types of armour.
You are amphibious.
You can wear up to eight rings at the same time.
Your skin changes colour to match your surroundings (Stealth+).
Your rubbery body absorbs attacks. (AC +1, EV +1)
((You are camouflaged near water. (Stealth+)))
You have tentacles for arms and can constrict up to eight enemies at once.


Message History

The goblin shouts!
You grab the goblin. You constrict the goblin.
You hear a shout!
The goblin hits you with a +0 dagger.
You hit the goblin.
You kill the goblin!
No target in view!
No target in view!
Ijyb the Twisted Goblin comes into view.
She is wielding a +0 club and carrying a wand of acid (5).
Ijyb is nearby!
Ijyb is nearby!
One of your tentacles grows a vicious spike.
You barely miss Ijyb. You grab Ijyb. You constrict Ijyb, but do no damage.
Ijyb completely misses you.
You hit Ijyb.
You pierce Ijyb, but do no damage.
Ijyb is lightly wounded.
You constrict Ijyb, but do no damage. You hit Ijyb but do no damage.
You tentacle-slap Ijyb, but do no damage.
Your squeeze misses Ijyb.
Ijyb is lightly wounded.
You constrict Ijyb, but do no damage.
Ijyb zaps a wand.
The bolt of acid hits you!!
Ouch! That really hurt!
The acid corrodes you!
You are splashed with acid!
* * * LOW HITPOINT WARNING * * *
You hit Ijyb but do no damage.
You pierce Ijyb, but do no damage.
Ijyb is lightly wounded.
You constrict Ijyb, but do no damage. Ijyb screams, "Me kill you!"
Ijyb closely misses you.
You hit Ijyb.
You pierce Ijyb, but do no damage.
Ijyb is moderately wounded.
You constrict Ijyb. You hit Ijyb but do no damage.
You tentacle-slap Ijyb, but do no damage.
Ijyb is moderately wounded.
You constrict Ijyb, but do no damage.
Ijyb zaps a wand.
The bolt of acid hits you.
You die...

#.# #.# #.# ####.## #.######
#.....# #......# #.##..# #
######.# #.##..# ## ### #.#
#.....# .## ##.###.# #..#..#
..####....#.######.....####...
..'.....#.......@g........'...
..####....########.....####.>.
.## ##.>## ........# ## ##.#
#######.# # #.# #.# #.# #.#
#+# #.# #.# #.# #.# #.# #.#
#.# #.# ##.#


You could see Ijyb.

Vanquished Creatures
  A scorpion (D:4)
  6 adders
  3 gnolls (D:3)
  2 worms (D:2)
  A dart slug (D:1)
  An orc (D:3)
  2 endoplasms (D:2)
  2 giant cockroaches (D:2)
  10 goblins
  3 hobgoblins
  4 jackals
  A quokka (D:2)
  5 ball pythons
  3 bats
  3 frilled lizards
  4 kobolds
  A rat (D:1)
52 creatures vanquished.

Notes
Turn   | Place    | Note
-------+----------+-------------------------------------------
     0 | D:1      | acemry the Octopode Transmuter began the quest for the Orb.
     0 | D:1      | Reached XP level 1. HP: 13/13 MP: 3/3
   274 | D:1      | Reached skill level 1 in Stealth
   375 | D:1      | Identified a scroll of acquirement
   375 | D:1      | Acquired the +5 quick blade of the Wizarding Rat {vorpal,
                  | rN+ SInv Stlth+}
   446 | D:1      | Reached XP level 2. HP: 17/18 MP: 5/5
   453 | D:1      | Reached skill level 2 in Stealth
  1437 | D:2      | Reached XP level 3. HP: 23/23 MP: 4/6
  1483 | D:2      | Reached skill level 3 in Stealth
  1864 | D:2      | Found a faded altar of an unknown god.
  2300 | D:3      | Reached XP level 4. HP: 28/28 MP: 7/7
  2310 | D:3      | Reached skill level 4 in Stealth
  2555 | D:3      | Found Xaxaw's Distillery.
  2564 | D:3      | Bought a potion of degeneration for 10 gold pieces
  2577 | D:3      | Found a broken altar of Ashenzari.
  2696 | D:3      | Reached skill level 5 in Stealth
  2805 | D:3      | Found a sparkling altar of Nemelex Xobeh.
  2811 | D:3      | Reached XP level 5. HP: 30/33 MP: 6/8
  3162 | D:4      | Learned a level 3 spell: Spider Form
  3309 | D:4      | Found a staircase to the Ecumenical Temple.
  3356 | D:4      | Reached skill level 6 in Stealth
  3588 | D:4      | Noticed Ijyb
  3595 | D:4      | Killed from afar by Ijyb

Illustrated notes

Levels and vault maps discovered:
D:1:      shiori_shiawase, layout_basic
D:2:      layout_rooms, ebering_ecumenical_altar_ruins, minmay_divided_ellipse
D:3:      layout_rooms, nicolae_ashenzari_skybound,
          nemelex_xobeh_ov_fountains_minmay, serial_shops, shop
D:4:      layout_loops_corners, minmay_temple_entry_antechambers,
          kennysheep_generic_room_11, uniq_ijyb

Skill      XL: |  1  2  3  4  5 |
---------------+----------------+-----
Stealth        | 1 2 3 5 6 |  6.1
Transmutations | 3 |  3.6
Fighting       | |  1.0
Dodging        | |  2.0
Unarmed Combat | |  3.0
Spellcasting   | |  2.0
Poison Magic   | |  0.7

Action                   |  1- 3 |  4- 6 || total
-------------------------+-------+-------++-------
Melee: Unarmed           |     8 |       ||     8
       Constrict         |    15 |     9 ||    24
       Kick              |     9 |     8 ||    17
       Quick blade       |    59 |    41 ||   100
       Tentacles         |     7 |     4 ||    11
       Punch             |       |     4 ||     4
 Cast: Beastly Appendage |    23 |     8 ||    31
  Use: Scroll            |     5 |       ||     5
       Potion            |     2 |       ||     2
 Stab: Sleeping          |     8 |     6 ||    14
Armor: Skin              |     4 |     2 ||     6
Dodge: Dodged            |    30 |    17 ||    47
